 Dungeon Crawl Stone Soup version 0.30.0-5-g1a98f26d00 (webtiles) character file.

Game seed: 12663431379058193757

142 hawla the Firebug (level 5, 0/38 HPs)
             Began as a Meteoran Fire Elementalist on May 11, 2023.
             Slain by a scorpion (7 damage)
             ... on level 4 of the Dungeon.
             The game lasted 00:04:59 (867 turns).

hawla the Firebug (Meteoran Fire Elementalist)       Turns: 867, Time: 00:05:00

Health: 0/38       AC:  2    Str: 10    XL:     5   Next: 79%
Magic:  9/10       EV: 12    Int: 18    God:
Gold:   116        SH:  0    Dex: 14    Spells: 3/10 levels left

rFire   . . .        (no weapon)
rCold   . . .        (no shield)
rNeg    . . .        a - +0 robe
rPois   .            (no helmet)
rElec   .            (no cloak)
rCorr   .            (no gloves)
SInv    .            (no boots)
Will    .....        (no amulet)
Stlth   +            (no ring)
HPRegen 0.26/turn    (no ring)
MPRegen 0.12/turn

%: no passive effects
@: confused, lethally poisoned (0 -> -9), ambrosia-drunk, glowing
A: sense surroundings 1, otherworldly, glowing, explore regen
a: no special abilities


You were on level 4 of the Dungeon.
You visited 1 branch of the dungeon, and saw 4 of its levels.

You collected 116 gold pieces.

Inventory:

Armour
 a - a +0 robe (worn)
Wands
 g - a wand of digging (6)
Scrolls
 f - a scroll of fog {unknown}
Potions
 c - 2 potions of brilliance {unknown}
 e - a potion of degeneration {unknown}


   Skills:
 - Level 2.6 Dodging
 - Level 1.4 Stealth
 - Level 3.1 Spellcasting
 + Level 4.3 Conjurations
 - Level 5.0 Fire Magic


You had 3 spell levels left.
You knew the following spells:

 Your Spells              Type           Power      Damage    Failure   Level
a - Foxfire               Conj/Fire      76%        2x1d7     2%          1
b - Scorch                Fire           42%        2d6       3%          2
c - Flame Wave            Conj/Fire      19%        2d7       22%         4

Your spell library contained the following spells:

 Spells                   Type           Power      Damage    Failure   Level
 Inner Flame              Hex/Fire       11%        N/A       17%         3
 Volatile Blastmotes      Fire/Tloc      22%        2d11      17%         3
 Ozocubu's Armour         Ice            2%         N/A       43%         3
 Ozocubu's Refrigeration  Ice            1%         4d7       100%        7


Dungeon Overview and Level Annotations

Branches:
Dungeon (4/15) Zot: 1530
 Temple: D:4-7

Altars:

Shops:
D:4 (


Innate Abilities, Weirdness & Mutations

You passively map a small area around you.
You are easily found by Zot.
You glow in the dark.
You regain HP and MP as you explore.


Message History

Casting: Foxfire (safe; 2% risk of failure)
Confirm with . or Enter, or press ? or * to list all spells.
Flames lash the orc wizard.
You kill the orc wizard!
The foxfire hits the scorpion but does no damage.
The foxfire hits the scorpion.
The scorpion is lightly wounded.
Your Conjurations skill increases to level 4!
Casting: Scorch (safe; 3% risk of failure)
Confirm with . or Enter, or press ? or * to list all spells.
Flames lash the scorpion.
The scorpion is heavily wounded.
The scorpion's fire resistance burns away.
Casting: Scorch (safe; 3% risk of failure)
Confirm with . or Enter, or press ? or * to list all spells.
Flames lash the scorpion.
The scorpion is burned terribly!
The scorpion is severely wounded.
The scorpion stings you.
* * * LOW HITPOINT WARNING * * *
Casting: Scorch (safe; 3% risk of failure)
Confirm with . or Enter, or press ? or * to list all spells.
You conjure some foxfire!
The scorpion stings you.
* * * LOW HITPOINT WARNING * * *
The foxfire hits the scorpion but does no damage.
The scorpion is severely wounded.
The foxfire hits the scorpion but does no damage.
The scorpion is severely wounded.
It was a potion of ambrosia.
You are confused.
You feel invigorated.
The scorpion stings you but does no damage.
The scorpion stings you.
* * * LOW HITPOINT WARNING * * *
You are lethally poisoned!
The scorpion poisons you!
You bump into the rock wall.
* * * LOW HITPOINT WARNING * * *
You feel very sick. The scorpion stings you!
You die...

#........#++...<...#
#.......##.##.....##
#...∩..##...##...##. ,* *
#......+..⌠..##'##.. * ,#
, #......##...##...##.
.#. *#.......##.##.....##
.... #####....#'#.......'
*
.....,#.........##.....##
#.....#s@..####..##...##.
, #.....### *##.###+##..
, #...))).# #.....###.
*###...).# ####### ## , *
#..#.).., # , #..#.).#.#
, ######...# , .... * * ,
.... * *


You could see a scorpion (combustible).

Vanquished Creatures
  A hound (D:4)
  2 orc wizards (D:4)
  An adder (D:2)
  2 gnolls (D:1)
  3 orcs (D:4)
  4 endoplasms
  3 goblins
  3 hobgoblins
  4 jackals (D:1)
  2 quokkas (D:1)
  A ball python (D:1)
  2 bats
  6 kobolds
  3 rats
37 creatures vanquished.

Vanquished Creatures (collateral kills)
  A foxfire (D:1)
1 creature vanquished.

Vanquished Creatures (others)
  109 foxfires
109 creatures vanquished.

Grand Total: 147 creatures vanquished

Notes
Turn   | Place    | Note
-------+----------+-------------------------------------------
     0 | D:1      | hawla the Meteoran Fire Elementalist began the quest for
                  | the Orb.
     0 | D:1      | Reached XP level 1. HP: 14/14 MP: 5/5
    50 | D:1      | Reached skill level 4 in Fire Magic
    50 | D:1      | Reached XP level 2. HP: 20/20 MP: 0/6
    53 | D:1      | Learned a level 2 spell: Scorch
   110 | D:1      | Reached XP level 3. HP: 26/26 MP: 1/8
   316 | D:2      | Reached skill level 5 in Fire Magic
   316 | D:2      | Reached XP level 4. HP: 32/33 MP: 6/9
   325 | D:2      | Learned a level 4 spell: Flame Wave
   388 | D:2      | Found a faded altar of an unknown god.
   805 | D:4      | Found Qettila's Weapon Boutique.
   810 | D:4      | Reached XP level 5. HP: 38/38 MP: 5/10
   867 | D:4      | Slain by a scorpion

Illustrated notes

Levels and vault maps discovered:
D:1:      ncdulo_watergridlock, layout_basic, nicolae_grassy_gnolls
D:2:      layout_loops_cross, hellmonk_ecumenical_altar_slurped_away
D:3:      layout_basic, mainiacjoe_overflow_cross_hatched, serial_rivers,
          chequers_serial_rivers_room_b, chequers_serial_rivers_large_b,
          chequers_serial_rivers_micro_b, chequers_serial_rivers_micro_a,
          chequers_serial_rivers_micro_d
D:4:      layout_rooms, serial_shops, shop, nicolae_shop_tiny_waterfront, shop,
          st_stairs_7, hangedman_decor_push, nicolae_hexahallways,
          uniq_eustachio

Skill      XL: |  1  2  3  4  5 |
---------------+----------------+-----
Fire Magic     | 4 5 |  5.0
Spellcasting   | 3 |  3.1
Conjurations   | 3 4 |  4.3
Dodging        | |  2.6
Stealth        | |  1.4

Action                     |  1- 3 |  4- 6 || total
---------------------------+-------+-------++-------
  Melee: Unarmed           |     4 |     6 ||    10
         Punch             |       |     1 ||     1
   Cast: Foxfire           |    34 |    35 ||    69
         Scorch            |     2 |     9 ||    11
    Use: Scroll            |       |     2 ||     2
         Potion            |       |     2 ||     2
 Armour: Robe              |     1 |     4 ||     5
  Dodge: Dodged            |     3 |     8 ||    11
